 Dungeon Crawl Stone Soup version 0.22-a0-284-g99d1f74 (webtiles) character file.

95725 grindst0ne the Black Belt (level 15, -3/121 HPs)
             Began as a Demonspawn Abyssal Knight on Mar 21, 2018.
             Was the Champion of Lugonu.
             Slain by a six-headed hydra (11 damage)
             ... on level 4 of the Lair of Beasts.
             The game lasted 01:18:42 (33610 turns).

grindst0ne the Black Belt (DsAK)                   Turns: 33610, Time: 01:18:42

Health: -3/121     AC: 24    Str: 23    XL:     15   Next: 67%
Magic:  25/26      EV: 12    Int: 18    God:    Lugonu [******]
Gold:   1227       SH:  0    Dex: 17    Spells: 11/14 levels left

rFire    + . .     SeeInvis .   M - +4 scimitar (flame)
rCold    . . .     Gourm    .   (no shield)
rNeg     . . .     Faith    .   S - +3 plate armour
rPois    +         Spirit   .   I - +2 helmet
rElec    .         Reflect  .   s - scarf {repulsion}
rCorr    .         Harm     .   (gloves unavailable)
MR       ++...                  W - +0 pair of boots {run}
Stlth    ..........             A - amulet "Jepe" {RegenMP rF+ Str+4}
HPRegen  0.30/turn              d - ring of Cimal {rPois rF- MR+ Int+4 Slay+5}
MPRegen  0.45/turn              F - ring of protection from fire

@: mighty, repel missiles, very slow
A: claws 3, iridescent scales 2, powered by death 2, powered by pain 2
a: Depart the Abyss, Bend Space, Banish, Corrupt, Enter the Abyss, Brand Weapon
With Distortion, Renounce Religion


You were on level 4 of the Lair of Beasts.
You worshipped Lugonu.
Lugonu was exalted by your worship.
You were not hungry.

You visited 4 branches of the dungeon, and saw 24 of its levels.
You visited the Abyss 1 time.
You also visited: Sewer and Ice Cave.

You collected 2739 gold pieces.
You spent 1512 gold pieces at shops.

Inventory:

Hand Weapons
 M - a +4 scimitar of flaming (weapon)
Armour
 i - a +1 hat of magic resistance
 s - a scarf of repulsion (worn)
 y - the +2 chain mail of the Untouchables {rC+ Str+3}
   (You bought it in a shop on level 1 of the Orcish Mines)

   It affects your strength (+3).
   It protects you from cold.
 I - a +2 helmet (worn)
 S - a +3 plate armour (worn)
 W - a +0 pair of boots of running (worn)
 Y - a +2 cloak
 Z - a +0 large shield
Jewellery
 d - the ring of Cimal (left claw) {rPois rF- MR+ Int+4 Slay+5}
   (You acquired it on level 2 of the Orcish Mines)

   [ring of slaying]

   It affects your intelligence (+4).
   It affects your accuracy and damage with ranged weapons and melee attacks
   (+5).
   It makes you vulnerable to fire.
   It protects you from poison.
   It affects your resistance to hostile enchantments.
 w - an uncursed ring of protection from fire
 z - an uncursed ring of flight
 A - the amulet "Jepe" (around neck) {RegenMP rF+ Str+4}
   (You acquired it on level 15 of the Dungeon)

   [amulet of magic regeneration]

   It increases your magic regeneration.
   It affects your strength (+4).
   It protects you from fire.
 B - a +5 amulet of reflection
 F - a ring of protection from fire (right claw)
 O - an uncursed ring of poison resistance
 P - an uncursed ring of resist corrosion
 Q - an uncursed ring of protection from cold
Wands
 E - a wand of digging (15)
 K - a wand of flame (55)
 L - a wand of enslavement (28)
 N - a wand of disintegration (19)
 R - a wand of iceblast (26)
 V - a wand of acid (1)
Scrolls
 j - 4 scrolls of brand weapon
 k - 4 scrolls of enchant weapon
 l - 9 scrolls of teleportation
 n - 6 scrolls of remove curse
 q - 4 scrolls of silence
 r - 2 scrolls of blinking {unknown}
 t - 4 scrolls of enchant armour
 C - 2 scrolls of magic mapping
 D - a scroll of fear
 X - 3 scrolls of amnesia
Potions
 a - 3 potions of magic
 b - a potion of agility
 e - 6 potions of brilliance
 f - 4 potions of heal wounds
 g - 7 potions of flight
 h - 10 potions of curing
 m - 4 potions of haste
 o - 2 potions of mutation
 v - 3 potions of resistance
 x - a potion of invisibility
 G - 4 potions of cancellation
 H - a potion of might
 J - 3 potions of lignification
 U - 2 potions of berserk rage
Miscellaneous
 p - a sack of spiders
Comestibles
 c - 39 rations


   Skills:
 - Level 12.2 Fighting
   Level 3.2 Axes
 - Level 7.0 Armour
 + Level 10.0 Dodging
 + Level 4.2 Shields
 * Level 15.3 Unarmed Combat
 + Level 15.0 Invocations
 - Level 6.0 Evocations


You had 11 spell levels left.
You knew the following spells:

 Your Spells              Type           Power        Failure   Level  Hunger
a - Regeneration          Chrm/Necr      #.........   100%        3    ####...


Dungeon Overview and Level Annotations

Branches:
Dungeon (15/15)            Temple (0/1) D:4            Lair (6/6) D:11
  Swamp (1/4) Lair:4        Snake (0/4) Lair:2        Slime (0/5) Lair:5
    Orc (2/2) D:10            Elf (0/3) Orc:2        Vaults (0/5) D:13
 Depths (0/5) D:15

Altars:
Dithmenos
Fedhas
Kikubaaqudgha
Trog
Vehumet
The Shining One
Beogh
Jiyva

Shops:
D:7 [   D:14 *   Orc:1 [   Orc:2 *[([?

Annotations:
D:2 exclusion: downstairs
Lair:1 exclusion: oklob plant
Lair:3 exclusion: downstairs
Lair:4 exclusion: downstairs
Lair:5 , corrupted
Orc:2 corrupted


Innate Abilities, Weirdness & Mutations

You have claws for hands.
You are mostly covered in iridescent scales. (AC +4)
You regenerate health from kills.
You sometimes gain power by taking damage.


Message History

* * * LOW HITPOINT WARNING * * *
You hack one of the seven-headed hydra's heads off!
The flame cauterises the wound!
You slice the six-headed hydra!! You burn the six-headed hydra!
The six-headed hydra is moderately wounded.
The six-headed hydra bites you!
* * * LOW HITPOINT WARNING * * *
The six-headed hydra bites you but does no damage. x2
The six-headed hydra barely misses you. The six-headed hydra bites you!
* * * LOW HITPOINT WARNING * * *
The six-headed hydra bites you but does no damage.
Space bends around you!
You blink.
Splash!
You fall into the shallow water.
Moving in this stuff is going to be slow.
The vampire mosquito bites you but does no damage.
The six-headed hydra bites you!
* * * LOW HITPOINT WARNING * * *
The six-headed hydra bites you!
You die...

##.#.## ##.## #### ##.#####
######..##### ######.##P#
#########.P..#....#.###P.###.....
............♣♣§♣♣.......P......#.
...........♣♣♣§♣♣♣♣..........P.#.
...#P#..#.♣♣≈≈§D§♣.#.###.....P.#.
...###.#..♣♣♣§§y@♣....##.....#...
...#......♣♣≈§≈≈§♣...............
...#.......♣♣≈§♣♣♣.....#.........
...#.......#♣♣♣♣♣♣.............##
...........#....♣##.##.#.........
...##.........<.P.............##.
...#..#...###................###.
......###.⌠..#...............###.
.......#.....#................###


You could see a six-headed hydra and a vampire mosquito.

Vanquished Creatures
  Azrael (D:14)
  A dire elephant (Lair:6)
  7 hydras
  An alligator (Lair:4)
  A catoblepas (Lair:6)
  4 centaur warriors
  5 two-headed ogres
  A death knight (D:11)
  2 dancing weapons (D:13)
  7 death yaks
  7 orc high priests
  2 tengu warriors
  A deep troll shaman (Lair:6)
  A shock serpent (D:14)
  An unseen horror (D:14)
  An orange crystal statue (D:10)
  14 orc knights
  Pikel (D:7)
  A swamp dragon (Swamp:1)
  A necromancer (IceCv)
  A mana viper (shapeshifter) (D:15)
  An orc sorcerer (Orc:1)
  A salamander (D:15)
  3 cyclopes
  2 manticores
  A slime creature (D:15)
  A deep elf mage (D:15)
  12 elephants
  A guardian serpent (Lair:2)
  3 black mambas
  3 gargoyles
  16 spiny frogs
  4 ice statues (IceCv)
  A centaur skeleton (D:14)
  A torpor snail (Lair:3)
  A yaktaur (D:13)
  5 rime drakes
  2 efreet
  A komodo dragon (Lair:3)
  5 trolls
  8 ice devils (IceCv)
  A polar bear (shapeshifter) (D:14)
  A merfolk (D:15)
  5 polar bears
  3 tengu conjurers (D:13)
  3 hornets
  2 tyrant leeches (Lair:4)
  2 meliai zombies
  Prince Ribbit (D:7)
  7 hippogriffs
  6 dream sheep (Lair:4)
  12 blink frogs
  Sigmund (D:5)
  A vampire (D:13)
  3 wyverns
  A shadow (D:13)
  34 yaks
  4 fire elementals (D:14)
  A wraith (D:12)
  3 basilisks
  A vampire mosquito (Lair:4)
  A hungry ghost (D:10)
  Edmund (D:4)
  3 wargs (Orc:1)
  A soldier ant (D:14)
  A naga (D:14)
  11 swamp worms
  11 water moccasins
  Duvessa (D:4)
  A hell hound (D:14)
  9 porcupines
  A black bear (shapeshifter) (D:15)
  4 ice beasts
  25 orc warriors
  2 phantoms
  3 sky beasts
  2 necrophages
  2 hornet zombies
  4 boggarts (D:15)
  A black bear (Lair:6)
  4 ogres
  10 wolves
  21 centaurs
  A crocodile (shapeshifter) (D:14)
  14 crocodiles
  4 big kobolds
  14 bullfrogs
  A gnoll sergeant (D:2)
  A water moccasin skeleton (D:7)
  4 scorpions
  Dowan (D:4)
  3 wights (D:6)
  3 howler monkeys
  6 crimson imps
  4 bullfrog zombies
  6 centaur zombies
  2 quasits
  Crazy Yiuf (D:5)
  4 gnoll shamans
  3 hounds
  6 jellies
  29 orc priests
  A bullfrog skeleton (D:13)
  10 orc wizards
  Terence (D:2)
  4 iguanas
  2 spriggan simulacra (IceCv)
  A hell rat (D:11)
  17 worker ants
  2 troll simulacra (IceCv)
  3 centaur simulacra (IceCv)
  2 hound skeletons
  A worker ant zombie (D:11)
  11 adders
  67 gnolls
  3 ogre simulacra (IceCv)
  3 river rats
  4 shadow imps
  3 oozes (Lair:5)
  An adder skeleton (D:10)
  16 worms
  2 dart slugs
  8 leopard geckos
  82 orcs
  A ball python (D:2)
  7 giant cockroaches
  13 goblins
  17 hobgoblins
  19 jackals
  22 kobolds
  7 quokkas
  5 bats
  3 frilled lizards
  A quokka skeleton (D:6)
  13 rats
  A fungus (D:5)
  A plant (D:8)
805 creatures vanquished.

Vanquished Creatures (others)
  8 hydras
  A two-headed ogre (D:11)
  A death yak (D:11)
  An unseen horror (D:14)
  A deep troll (D:10)
  2 orc knights
  An orc sorcerer (Orc:2)
  5 elephants (Lair:5)
  A black mamba (Lair:5)
  A komodo dragon (Lair:5)
  3 trolls (Orc:2)
  6 yaks (Lair:5)
  2 wargs (Orc:2)
  A porcupine (Lair:5)
  6 orc warriors (Orc:2)
  An ogre (Orc:2)
  A boggart (D:15)
  A centaur (D:10)
  A crocodile (Lair:5)
  A bullfrog (Lair:5)
  A howler monkey (D:7)
  3 orc priests (Orc:2)
  3 orc wizards (Orc:2)
  15 orcs (Orc:2)
  14 fungi
  22 plants
  6 starspawn tentacles
109 creatures vanquished.

Grand Total: 914 creatures vanquished

Notes
Turn   | Place    | Note
-------+----------+-------------------------------------------
     0 | Abyss:1  | grindst0ne the Demonspawn Abyssal Knight began the quest for the Orb.
     0 | Abyss:1  | Reached XP level 1. HP: 18/18 MP: 2/2
    36 | Abyss:1  | Noticed a small abomination
    57 | Abyss:1  | Noticed a tentacled starspawn
    60 | D:1      | Escaped the Abyss
   315 | D:1      | Reached * piety under Lugonu
   317 | D:1      | Gained mutation: You are partially covered in iridescent scales. (AC +2) [demonic ancestry]
   317 | D:1      | Reached XP level 2. HP: 12/24 MP: 3/3
   859 | D:1      | Gained mutation: You regenerate a little health from kills. [demonic ancestry]
   859 | D:1      | Reached XP level 3. HP: 28/29 MP: 4/4
  1190 | D:2      | Found a glowing golden altar of the Shining One.
  1255 | D:2      | Gained mutation: You regenerate health from kills. [demonic ancestry]
  1255 | D:2      | Reached XP level 4. HP: 37/37 MP: 5/5
  1303 | D:2      | Reached ** piety under Lugonu
  1522 | D:2      | Noticed Terence
  1533 | D:2      | Killed Terence
  1891 | D:3      | Gained mutation: You have sharp fingernails. [demonic ancestry]
  1891 | D:3      | Reached XP level 5. HP: 39/42 MP: 6/6
  2163 | D:3      | Noticed a sky beast
  2189 | D:3      | HP: 2/42 [gnoll/halberd (10)]
  2931 | D:3      | Gained mutation: You have very sharp fingernails. [demonic ancestry]
  2931 | D:3      | Reached XP level 6. HP: 25/49 MP: 7/7
  3231 | D:3      | Reached skill level 1 in Unarmed Combat
  3658 | D:3      | Reached skill level 5 in Fighting
  4036 | D:3      | Reached XP level 7. HP: 56/56 MP: 8/8
  4118 | D:3      | Reached *** piety under Lugonu
  4453 | D:4      | Noticed Edmund
  4468 | D:4      | Killed Edmund
  4586 | D:4      | Found a glowing drain.
  4615 | Sewer    | Entered a sewer
  4710 | Sewer    | Reached XP level 8. HP: 62/64 MP: 8/10
  4741 | Sewer    | Found a white marble altar of Elyvilon.
  4808 | D:4      | Noticed Dowan
  4810 | D:4      | Noticed Duvessa
  4815 | D:4      | Killed Dowan
  4849 | D:4      | Killed Duvessa
  4849 | D:4      | Reached **** piety under Lugonu
  4849 | D:4      | Reached skill level 5 in Armour
  5338 | D:4      | Reached skill level 5 in Unarmed Combat
  5368 | D:4      | Found a staircase to the Ecumenical Temple.
  5918 | D:5      | Entered Level 5 of the Dungeon
  6092 | D:5      | Noticed Sigmund
  6142 | D:5      | Killed Sigmund
  6610 | D:5      | Reached skill level 5 in Invocations
  6651 | D:5      | Gained mutation: You have claws for hands. [demonic ancestry]
  6651 | D:5      | Reached XP level 9. HP: 71/71 MP: 12/12
  6875 | D:5      | Got a faintly humming ring mail
  6886 | D:5      | Identified the +4 ring mail of Biodohu {Slay+2} (You found it on level 5 of the Dungeon)
  6998 | D:5      | Found a runed door.
  7002 | D:5      | Noticed Crazy Yiuf
  7010 | D:5      | Killed Crazy Yiuf
  7765 | D:7      | Noticed Prince Ribbit
  7783 | D:7      | Killed Prince Ribbit
  8025 | D:7      | Found Zuoschyez's Armour Shoppe.
  8081 | D:7      | Found an ancient bone altar of Kikubaaqudgha.
  8119 | D:7      | Reached ***** piety under Lugonu
  8258 | D:7      | Noticed Pikel
  8285 | D:7      | Killed Pikel
  8329 | D:7      | Reached XP level 10. HP: 70/80 MP: 15/15
  9675 | D:9      | Found a shadowy altar of Dithmenos.
  9757 | D:9      | Reached skill level 1 in Dodging
  9841 | D:9      | Found a radiant altar of Vehumet.
 10248 | D:10     | Entered Level 10 of the Dungeon
 10495 | D:10     | Noticed an orange crystal statue
 10690 | D:10     | Found a staircase to the Orcish Mines.
 11379 | D:10     | Noticed a gargoyle
 11385 | D:10     | Killed an orange crystal statue
 11560 | D:11     | Gained mutation: You sometimes gain a little power by taking damage. [demonic ancestry]
 11560 | D:11     | Reached XP level 11. HP: 44/87 MP: 17/17
 11792 | D:11     | Noticed a death yak
 11792 | D:11     | Noticed a death yak
 11806 | D:11     | Noticed a death yak
 11808 | D:11     | Killed a death yak
 11815 | D:11     | Banished a death yak
 12250 | D:11     | Found a staircase to the Lair.
 12445 | D:11     | Noticed a death knight
 12468 | D:11     | Killed a death knight
 12468 | D:11     | Reached skill level 10 in Unarmed Combat
 12658 | D:11     | Noticed a two-headed ogre
 12661 | D:11     | Banished a two-headed ogre
 12990 | D:11     | Killed a death yak
 13213 | Lair:1   | Entered Level 1 of the Lair of Beasts
 13303 | Orc:1    | Entered Level 1 of the Orcish Mines
 13501 | Orc:1    | Reached skill level 10 in Invocations
 13508 | Orc:1    | Noticed an orc sorcerer
 13508 | Orc:1    | Paralysed by an orc sorcerer for 7 turns
 13615 | Orc:1    | Killed an orc sorcerer
 13641 | Orc:1    | You fall through a shaft!
 13641 | Orc:2    | Entered Level 2 of the Orcish Mines
 13641 | Orc:2    | Found a staircase to the Elven Halls.
 13646 | Orc:2    | Noticed an orc sorcerer
 13648 | Orc:2    | Paralysed by an orc sorcerer for 5 turns
 13662 | Orc:2    | Noticed an orc knight
 13682 | Orc:2    | Corrupted Orc:2
 13682 | Orc:2    | Noticed a red very ugly thing
 13682 | Orc:2    | Noticed a lich
 13684 | Orc:2    | Noticed a large abomination
 13689 | Orc:2    | Noticed a sixfirhy
 13690 | Orc:2    | Noticed a sixfirhy
 13691 | Orc:2    | Killed an orc knight
 13692 | Orc:2    | Noticed a starcursed mass
 13712 | Orc:2    | Noticed a glowing orange brain
 13716 | Orc:2    | Noticed a tentacled starspawn
 13717 | Orc:2    | Noticed a starcursed mass
 13717 | Orc:2    | Noticed a tentacled starspawn
 13720 | Orc:2    | Noticed an orb spider
 13720 | Orc:2    | an eye of draining changed into an orb spider
 13728 | Orc:2    | Noticed a flayed ghost
 13779 | Orc:2    | Banished an orc sorcerer
 13851 | Orc:1    | Noticed an orc knight
 13868 | Orc:1    | Killed an orc knight
 14171 | Orc:1    | Noticed an orc knight
 14201 | Orc:1    | Killed an orc knight
 14365 | Orc:1    | Noticed an orc knight
 14381 | Orc:1    | Killed an orc knight
 14381 | Orc:1    | Reached skill level 5 in Dodging
 14388 | Orc:1    | Noticed an orc knight
 14407 | D:10     | Killed an orc knight
 14407 | D:10     | Reached XP level 12. HP: 84/97 MP: 19/19
 14536 | D:10     | Reached skill level 10 in Fighting
 14784 | Orc:1    | Noticed an orc high priest
 14785 | Orc:1    | Noticed an orc high priest
 14836 | Orc:1    | Killed an orc high priest
 14841 | Orc:1    | Killed an orc high priest
 15179 | Orc:1    | Found Ynadom's Antique Armour Shoppe.
 15191 | Orc:1    | Bought a bloodstained chain mail for 237 gold pieces
 15252 | Orc:1    | Identified the +2 chain mail of the Untouchables {rC+ Str+3} (You bought it in a shop on level 1 of the Orcish Mines)
 16488 | Lair:1   | Found a blossoming altar of Fedhas.
 17245 | Lair:2   | Found a staircase to the Snake Pit.
 18300 | Lair:3   | Noticed a seven-headed hydra
 18330 | Lair:3   | Banished a nine-headed hydra
 18655 | Lair:3   | Noticed an eight-headed hydra
 18714 | Lair:3   | Banished an eight-headed hydra
 18802 | Lair:3   | Noticed a six-headed hydra
 18803 | Lair:3   | Banished a six-headed hydra
 18998 | Lair:3   | Reached XP level 13. HP: 51/105 MP: 20/22
 19443 | Lair:3   | Reached skill level 1 in Evocations
 19971 | Lair:4   | You fall through a shaft for 2 floors!
 19971 | Lair:6   | Entered Level 6 of the Lair of Beasts
 20027 | Lair:6   | Found a bloodstained altar of Trog.
 20052 | Lair:5   | Found a runed door.
 20052 | Lair:5   | Found a viscous altar of Jiyva.
 20239 | Lair:4   | Found a staircase to the Swamp.
 22029 | Lair:5   | Corrupted Lair:5
 22029 | Lair:5   | Noticed a tentacled starspawn
 22419 | Lair:5   | Found a staircase to the Slime Pits.
 23556 | Lair:6   | Gained mutation: You sometimes gain power by taking damage. [demonic ancestry]
 23556 | Lair:6   | Reached XP level 14. HP: 109/113 MP: 23/23
 24173 | Lair:6   | Reached skill level 5 in Evocations
 24605 | Lair:6   | Learned a level 3 spell: Regeneration
 24965 | D:12     | Found a frozen archway.
 24993 | IceCv    | Entered an ice cave
 25426 | IceCv    | Got a scorched scale mail
 25437 | IceCv    | Identified the +4 scale mail of Gravitas {MR- Dex-5 SInv Stlth+} (You found it in an ice cave)
 26925 | D:13     | Reached ****** piety under Lugonu
 26940 | D:13     | Reached skill level 1 in Shields
 27376 | D:13     | Found a gate to the Vaults.
 28234 | D:14     | Found Kevy's Serpentskin Sales.
 28241 | D:14     | Gained mutation: You are mostly covered in iridescent scales. (AC +4) [demonic ancestry]
 28241 | D:14     | Reached XP level 15. HP: 85/121 MP: 25/25
 28432 | D:14     | Noticed Azrael
 28455 | D:14     | Killed Azrael
 28975 | D:15     | Entered Level 15 of the Dungeon
 29039 | D:15     | Found a staircase to the Depths.
 29612 | D:15     | Identified a scroll of acquirement
 29616 | D:15     | Got a warped pewter amulet
 29618 | D:15     | Identified the amulet "Jepe" {RegenMP rF+ Str+4} (You acquired it on level 15 of the Dungeon)
 29960 | D:14     | Reached skill level 15 in Unarmed Combat
 31433 | Orc:2    | HP: 2/121 [sixfirhy[an orc high priest] (11)]
 31836 | Orc:2    | Found a roughly hewn altar of Beogh.
 31866 | Orc:2    | Found Juadoat's Magic Scroll Boutique.
 31881 | Orc:2    | Bought a scroll of noise for 15 gold pieces
 31881 | Orc:2    | Bought a scroll of identify for 30 gold pieces
 31881 | Orc:2    | Bought a scroll of teleportation for 45 gold pieces
 31881 | Orc:2    | Bought a scroll of teleportation for 45 gold pieces
 32242 | Orc:2    | Found Wuonoiro's Antique Armour Boutique.
 32245 | Orc:2    | Found Urafiw's General Store.
 32246 | Orc:2    | Found Tixuor's Antique Weapon Boutique.
 32247 | Orc:2    | Found Myqomp's Armour Shop.
 32254 | Orc:2    | Bought a glowing helmet for 180 gold pieces
 32254 | Orc:2    | Bought a pair of glowing boots for 180 gold pieces
 32274 | Orc:2    | Identified a +0 pair of boots of running (You bought it in a shop on level 2 of the Orcish Mines)
 32390 | Orc:2    | Bought a scroll of acquirement for 780 gold pieces
 32394 | Orc:2    | Got a vibrating lead ring
 32396 | Orc:2    | Identified the ring of Cimal {rPois rF- MR+ Int+4 Slay+5} (You acquired it on level 2 of the Orcish Mines)
 32619 | Swamp:1  | Entered Level 1 of the Swamp
 32666 | Lair:4   | Reached skill level 15 in Invocations
 33513 | Lair:4   | Reached skill level 10 in Dodging
 33610 | Lair:4   | Slain by a six-headed hydra

Vault maps used:
D:1:      lightli_arrival_chessboard
D:2:      lemuel_round_altar, uniq_terence
D:3:      lemuel_castle_with_subvaults
D:4:      minmay_temple_entry_statues_pillars, portal_sewer_entry_f,
          uniq_edmund, uniq_duvessa
D:5:      first_ration, uniq_sigmund, uniq_crazy_yiuf_cottage
D:6:      corexii_shack_village
D:7:      nicolae_overflow_crystal_walls, serial_shops,
          nicolae_shop_temple_entry_statues_fountains, uniq_prince_ribbit1,
          uniq_pikel
D:8:      blue_anna_alchemist, worms_lemuel
D:9:      lemuel_crystal_altar, vehumet_crystals
D:10:     minmay_statue_hallways, hiddenorc1_lemuel,
          hangedman_abyss_or_decor_stagger
D:11:     dpeg_lair_monsters, st_stairs_14
D:12:     portal_ice_cave_rime
D:13:     erik_vaults_1
D:14:     kennysheep_cross_bottleneck, guppyfry_shop_venom, uniq_azrael
D:15:     hangedman_depths_entry_try_elsewhere_first, minivault_24
Lair:1:   tgw_fedhas
Lair:2:   minmay_snake_entry_spellcaster, lemuel_fruit_fields
Lair:3:   st_stairs_10, nicolae_lair_grove_arrangements,
          infiniplex_staircase_pool
Lair:4:   minmay_swamp_entry_worms, st_stairs_3, cheibrodos_lair_lostbears,
          grunt_megastairs_1
Lair:5:   slime_altar_2, grunt_megastairs_3
Lair:6:   grunt_lair_end_beastmaster, basic_altar, lemuel_fruit_fields
Swamp:1:  hangedman_swamp_ruin_wall
Orc:1:    cheibrodos_orc_bank, guppyfry_orc_lava_fort
Orc:2:    st_orc_pillars, serial_shops, nicolae_shop_stone, basic_altar
Sewer:    sewer_kobolds
IceCv:    ice_cave_tombish

Skill      XL: |  1  2  3  4  5  6  7  8  9 10 11 12 13 14 15 |
---------------+----------------------------------------------+-----
Axes           | 2 3 |  3.2
Armour         | 2 3 4 5 6 7 |  7.0
Fighting       | 4 5 6 7 8 9 10 11 12 | 12.2
Unarmed Combat | 2 4 6 7 9 10 12 13 14 15 | 15.3
Invocations    | 5 7 8 10 12 13 14 15 | 15.0
Dodging        | 2 5 6 7 9 10 | 10.0
Evocations     | 4 6 |  6.0
Shields        | 1 4 |  4.2

Action                   |  1- 3 |  4- 6 |  7- 9 | 10-12 | 13-15 || total
-------------------------+-------+-------+-------+-------+-------++-------
Melee: Hand axe          |   152 |   190 |       |       |       ||   342
       Dagger            |       |   127 |   474 |       |       ||   601
       Punch             |       |       |    13 |    32 |   107 ||   152
       Unarmed           |       |       |   175 |   867 |  1492 ||  2534
       Morningstar       |       |       |       |       |     6 ||     6
       Scimitar          |       |       |       |       |    30 ||    30
Invok: Depart the Abyss  |     1 |       |       |       |       ||     1
       Bend Space        |       |       |     1 |    10 |     5 ||    16
       Banish            |       |       |       |    13 |     6 ||    19
       Corrupt           |       |       |       |     1 |     1 ||     2
Evoke: Wand              |       |       |       |    29 |    23 ||    52
  Use: Scroll            |       |     6 |     2 |     8 |    17 ||    33
       Potion            |       |       |     2 |     3 |     4 ||     9
 Stab: Petrified         |       |       |       |       |    11 ||    11
  Eat: Chunk             |     1 |     9 |    16 |    30 |    39 ||    95
       Ration            |       |       |       |     3 |     3 ||     6
Armor: Scale mail        |   103 |   171 |   249 |       |       ||   523
       Ring mail         |       |       |    88 |   229 |       ||   317
       Chain mail        |       |       |       |    92 |   852 ||   944
       Plate armour      |       |       |       |       |    52 ||    52
Dodge: Dodged            |    91 |   204 |   260 |   408 |   738 ||  1701
       Deflected         |       |     4 |     4 |     2 |       ||    10
Block: Other             |       |       |       |   136 |   310 ||   446
       Reflection        |       |       |       |     3 |    20 ||    23
       Rpst.: Scimitar   |       |       |       |       |     7 ||     7

Table legend:
 A = Spawn XP
 B = Non-spawn XP
 C = Spawn XP percentage of total XP
 D = Spawn monster count
 E = Non-spawn monster count
 F = Spawn count percentage of total count
 G = Total turns spent on level
                    A         B        C        D         E        F      G
               +---------+---------+-------+---------+---------+-------+---------
         Total |       0 |  136751 |   0.0 |       0 |     824 |   0.0 | 33610
               +---------+---------+-------+---------+---------+-------+---------
           D:1 |       0 |      46 |   0.0 |       0 |      26 |   0.0 |   893
           D:2 |       0 |     240 |   0.0 |       0 |      26 |   0.0 |  1414
           D:3 |       0 |     822 |   0.0 |       0 |      75 |   0.0 |  2086
           D:4 |       0 |     817 |   0.0 |       0 |      32 |   0.0 |  1290
           D:5 |       0 |     854 |   0.0 |       0 |      21 |   0.0 |  1166
           D:6 |       0 |     601 |   0.0 |       0 |      20 |   0.0 |   666
           D:7 |       0 |    2047 |   0.0 |       0 |      28 |   0.0 |   713
           D:8 |       0 |    1694 |   0.0 |       0 |      41 |   0.0 |  1212
           D:9 |       0 |     319 |   0.0 |       0 |       9 |   0.0 |   573
          D:10 |       0 |    4655 |   0.0 |       0 |      48 |   0.0 |  2134
          D:11 |       0 |    6633 |   0.0 |       0 |      34 |   0.0 |  1667
          D:12 |       0 |    5727 |   0.0 |       0 |      16 |   0.0 |  1010
          D:13 |       0 |   10670 |   0.0 |       0 |      35 |   0.0 |   923
          D:14 |       0 |   11907 |   0.0 |       0 |      38 |   0.0 |  1974
          D:15 |       0 |   10233 |   0.0 |       0 |      27 |   0.0 |  1300
        Lair:1 |       0 |    2645 |   0.0 |       0 |      11 |   0.0 |   848
        Lair:2 |       0 |    2338 |   0.0 |       0 |      11 |   0.0 |  1062
        Lair:3 |       0 |    8429 |   0.0 |       0 |      30 |   0.0 |  2133
        Lair:4 |       0 |   13975 |   0.0 |       0 |      52 |   0.0 |  1966
        Lair:5 |       0 |    3604 |   0.0 |       0 |      16 |   0.0 |  1252
        Lair:6 |       0 |   21969 |   0.0 |       0 |      62 |   0.0 |  2084
       Swamp:1 |       0 |     824 |   0.0 |       0 |       2 |   0.0 |    40
         Orc:1 |       0 |    8691 |   0.0 |       0 |      55 |   0.0 |  2472
         Orc:2 |       0 |   11560 |   0.0 |       0 |      76 |   0.0 |  1869
         Sewer |       0 |     130 |   0.0 |       0 |      10 |   0.0 |   175
         IceCv |       0 |    5321 |   0.0 |       0 |      23 |   0.0 |   628
               +---------+---------+-------+---------+---------+-------+---------
